Map: Prion Terraces

Players

Hindulaatti - Winner!

  • Race: Zerg Zerg
  • League: Diamond

BLFG

  • Race: Terran Terran

VOD

Have the link to the VOD?

Description

Time

  • Played on: Jan. 11, 2016, 2:58 a.m.
  • Length: 16:07
Show
View Real Time Build Order
Export as new Build Order

Hindulaatti Zerg - Winner!

Build Orders: 3 Hatch before Pool, Muta Ling Bane 

Get SALT Encoding   

  12  0:01  Drone  
  13  0:10  Drone  
  14  0:17  Extractor  
  14  0:18  Drone  
  15  0:28  Overlord  
  15  0:46  Hatchery  
  14  0:52  Drone  
  14  0:53  Drone  
  14  0:56  Drone  
  17  1:19  Hatchery  
  17  1:23  Drone  
  17  1:26  Drone  
  18  1:38  Spawning Pool  
  17  1:42  Drone  
  18  1:53  Drone x2  
  20  2:02  Drone, Extractor  
  20  2:06  Drone  
  21  2:13  Drone x2  
  23  2:20  Drone x2  
  25  2:26  Spine Crawler  
  24  2:30  Queen  
  24  2:32  Queen  
  28  2:38  Queen  
  30  2:50  Zergling x2  
  30  2:51  Zergling x4  
  33  3:00  Overlord  
  33  3:13  Drone  
  33  3:14  Drone  
  33  3:19  Drone  
  35  3:20  Drone x6  
  41  3:30  Extractor  
  40  3:37  Drone x2  
  40  3:38  Overlord x3  
  40  3:40  Extractor  
  41  3:49  Overlord x2  
  41  3:56  Metabolic Boost, Queen x2  
  45  4:06  Drone x9  
  54  4:31  Drone x9  
  55  4:36  Lair  
  63  4:39  Baneling Nest  
  62  4:49  Extractor  
  62  4:50  Extractor  
  62  4:51  Extractor  
  59  5:00  Spore Crawler  
  59  5:01  Spore Crawler  
  51  5:37  Drone  
  51  5:38  Drone x17  
  51  5:39  Drone x4  
  70  5:53  Zergling x2  
  70  5:54  Zergling x12  
  70  5:56  Centrifical Hooks  
  77  6:00  Spire  
  77  6:01  Spine Crawler  
  75  6:29  Hatchery  
  75  6:30  Drone x5  
  75  6:32  Zergling x2  
  80  6:33  Zergling x4  
  82  6:52  Spore Crawler  
  81  7:08  Roach Warren  
  79  7:24  Mutalisk  
  79  7:27  Overlord x4  
  79  7:28  Overlord x4  
  81  7:44  Zergling x10  
  82  7:45  Overlord x2  
  82  7:46  Overlord, Mutalisk x6  
  82  7:47  Mutalisk x10  
  118  8:12  Mutalisk  
  118  8:13  Hatchery, Mutalisk x5  
  118  8:16  Overlord x3  
  118  8:18  Glial Reconstitution  
  129  8:23  Evolution Chamber  
  129  8:25  Evolution Chamber  
  126  8:32  Drone x2  
  128  8:37  Drone x4  
  128  8:38  Drone x3  
  135  8:41  Mutalisk  
  135  8:42  Mutalisk x3  
  143  8:51  Extractor  
  143  8:53  Extractor  
  139  8:56  Mutalisk  
  139  8:57  Mutalisk  
  137  9:18  Zerg Missile Weapons Level 1  
  137  9:19  Zerg Ground Armor Level 1  
  137  9:20  Roach x4  
  137  9:21  Roach x3  
  151  9:46  Overlord x2  
  151  9:48  Overseer  
  151  9:49  Overseer  
  151  9:50  Overseer  
  151  9:55  Roach  
  151  9:56  Roach x15  
  171  10:23  Pneumatized Carapace  
  167  10:36  Drone  
  167  10:37  Drone x2  
  167  10:38  Ravager  
  167  10:39  Ravager x12  
  183  10:55  Overseer x2  
  183  10:58  Extractor  
  183  10:59  Extractor  
  183  11:01  Infestation Pit  
  180  11:15  Corruptor x3  
  180  11:16  Corruptor  
  188  11:25  Zerg Ground Armor Level 2, Zerg Missile Weapons Level 2  
  188  11:48  Hive  
  188  11:49  Pathogen Glands  
  188  11:52  Tunneling Claws  
  188  11:54  Burrow  
  188  12:24  Roach x4  
  188  12:25  Roach x2  
  200  12:46  Hatchery  
  197  12:51  Zergling x2  
  197  12:52  Zergling x4  
  197  12:58  Hydralisk Den  
  199  13:02  Ultralisk Cavern  
  199  13:04  Greater Spire  
  198  13:08  Roach x2  
  198  13:12  Roach  
  154  14:02  Chitinous Plating  
  152  14:03  Lurker Den  
  152  14:06  Ravager x7  
  152  14:07  Ravager  
  160  14:10  Baneling x6  
  150  14:44  Ultralisk  
  150  14:45  Ultralisk x9  
  186  15:00  Hydralisk  
  186  15:01  Hydralisk x6  
  200  15:23  Overseer  
Show
View Real Time Build Order
Export as new Build Order

BLFG Terran 

Build Orders: Reaper Expand, Mech 

Get SALT Encoding   

  12  0:02  SCV  
  13  0:14  SCV  
  14  0:19  Supply Depot  
  14  0:26  SCV  
  15  0:40  SCV  
  15  0:41  Barracks  
  16  0:45  Refinery  
  16  0:52  SCV  
  17  1:02  Supply Depot  
  17  1:04  SCV  
  18  1:17  SCV  
  19  1:29  Reaper  
  20  1:35  Orbital Command  
  20  1:51  Command Center  
  20  2:00  SCV  
  21  2:01  Reaper  
  22  2:12  SCV  
  23  2:24  Factory, SCV  
  24  2:33  Supply Depot, Refinery  
  24  2:36  SCV  
  25  2:48  SCV  
  26  3:00  SCV  
  26  3:03  Barracks Reactor  
  27  3:12  SCV  
  27  3:18  SCV  
  29  3:25  SCV  
  30  3:31  Starport  
  30  3:34  Orbital Command  
  30  3:37  SCV  
  30  3:39  Supply Depot  
  30  3:40  Supply Depot  
  31  3:47  Hellion x2  
  35  3:49  SCV  
  36  3:56  Barracks Reactor  
  36  4:07  SCV x2  
  36  4:09  Hellion x2  
  42  4:19  SCV  
  42  4:22  Liberator  
  42  4:23  Supply Depot  
  43  4:26  Supply Depot  
  43  4:28  Armory  
  43  4:37  Command Center  
  43  4:43  SCV x2  
  48  4:47  Refinery  
  48  4:49  Refinery  
  48  4:55  SCV  
  48  4:56  Factory  
  48  4:57  Factory  
  53  5:14  Hellion x2  
  53  5:16  SCV x2  
  55  5:26  Liberator  
  52  5:28  SCV  
  52  5:29  SCV  
  52  5:41  Hellion x2  
  52  5:42  Factory Reactor, Factory Tech Lab  
  52  5:45  SCV x2  
  57  5:54  Supply Depot x2  
  57  5:56  Orbital Command, Supply Depot  
  57  5:57  SCV x2  
  59  6:09  SCV  
  60  6:14  Hellion x2  
  64  6:20  Siege Tank  
  67  6:26  Infernal Pre-Igniter  
  67  6:34  SCV  
  67  6:35  SCV, Hellion x2  
  73  6:42  Orbital Command, Supply Depot  
  73  6:44  Supply Depot  
  73  6:46  Terran Vehicle Weapons Level 1  
  73  6:52  Siege Tank  
  76  7:09  SCV  
  76  7:10  SCV x2  
  76  7:14  Refinery x2  
  79  7:22  SCV x3  
  82  7:28  Siege Tank  
  82  7:29  Hellion x2  
  93  7:30  Hellion x2  
  93  7:38  Factory  
  93  7:39  Factory  
  93  7:43  Engineering Bay  
  93  7:51  Hellion  
  95  8:02  Viking  
  95  8:03  Viking  
  99  8:12  Missile Turret x2  
  99  8:14  Missile Turret x2  
  99  8:15  Missile Turret x2  
  99  8:18  Missile Turret x3  
  99  8:19  Missile Turret  
  99  8:21  Missile Turret  
  99  8:22  Missile Turret, SCV x3  
  102  8:33  Missile Turret  
  102  8:34  SCV x2  
  102  8:36  Missile Turret x2  
  102  8:37  Missile Turret  
  104  8:44  Viking  
  104  8:45  Viking, Factory Reactor  
  104  8:46  Factory Reactor  
  100  9:11  Widow Mine x2  
  100  9:12  Widow Mine x3  
  100  9:14  Viking  
  112  9:20  Factory Tech Lab x2  
  112  9:25  Missile Turret  
  112  9:27  Missile Turret  
  112  9:29  Missile Turret  
  112  9:32  Missile Turret x2  
  112  9:36  Barracks  
  116  9:38  Hellion  
  116  9:41  Hellion x5  
  116  9:44  Viking  
  128  9:55  Thor  
  128  9:59  Thor  
  138  10:00  Terran Vehicle Weapons Level 2  
  138  10:02  Hellion  
  130  10:30  Command Center  
  130  10:34  Viking  
  132  10:38  Hellion x3  
  138  10:45  Thor x2  
  150  11:04  Viking  
  152  11:16  Missile Turret  
  152  11:19  Missile Turret  
  152  11:21  Missile Turret, Hellion x5  
  162  11:40  Thor  
  162  11:42  Thor  
  162  11:43  Hellbat x3  
  180  11:48  Supply Depot  
  180  11:50  Supply Depot  
  180  11:52  Orbital Command  
  180  12:16  Terran Vehicle And Ship Armor Level 1  
  180  12:20  Command Center  
  180  12:23  Thor  
  180  12:25  Siege Tank  
  187  12:57  Siege Tank  
  190  12:59  Hellbat x2  
  190  13:00  Hellbat x3  
  199  13:14  Factory x2  
  195  13:29  Siege Tank  
  197  13:37  Refinery  
  186  14:01  Siege Tank  
  189  14:04  Missile Turret  
  189  14:06  Missile Turret  
  189  14:22  Missile Turret  
  187  14:33  Siege Tank  
  187  14:37  Missile Turret  
  178  14:39  Missile Turret  
  156  14:59  Siege Tank  
  159  15:04  Factory Tech Lab x2  
  159  15:05  Siege Tank  
  162  15:31  Siege Tank  
Tags
 
Add a new tag
Caveats
  • Supply blocks, unpowered buildings, or Contaminate may cause inaccurate times.
  • Supply counts are checked every 10 seconds.